 Adventure DCSS version bcrawl-1.32 (webtiles) character file.

Game seed: 8405571799779777856

344952 funkygono the Thaumaturge (level 12, -14/71 HPs)
             Began as a Fairy Fire Elementalist on July 16, 2021.
             Was an Elder of Sif Muna.
             Demolished by a death yak (18 damage)
             ... on level 3 of the Lair of Beasts on July 17, 2021.
             The game lasted 00:45:51 (14205 turns).

funkygono the Thaumaturge (FrFE)                   Turns: 14205, Time: 00:45:51

Health: -14/71     AC: 14    Str:  9    XL:     12   Next: 44%
Magic:  5/31       EV: 22    Int: 22    God:    Sif Muna [****..]
Gold:   940        SH:  7    Dex: 15    Spells: 8/38 levels left
                                        Lives:  0   Deaths: 2

rFire    . . .     SeeInvis .   F - +4 short sword (freeze)
rCold    . . .     Gourm    +   (shield restricted)
rNeg     . . .     Faith    .   (armour unavailable)
rPois    .         Spirit   .   c - +1 helmet
rElec    .         Reflect  .   g - +1 cloak
rCorr    .         Harm     .   C - +0 pair of gloves
MR       +....                  D - +1 pair of boots
Stlth    +.........             a - amulet of the gourmand
HPRegen  0.21/turn              q - +3 ring of strength
MPRegen  0.22/turn              (no ring)

@: flying evasively
A: small, magic attunement, unstealthy, unfitting armour, able to fly, AC/SH +7
a: Stop Flying, Divine Energy, Channel Magic, Forget Spell, Renounce Religion


You were on level 3 of the Lair of Beasts.
You worshipped Sif Muna.
Sif Muna was greatly pleased with you.
You were not hungry.

You visited 3 branches of the dungeon, and saw 14 of its levels.

You collected 940 gold pieces.

Inventory:

Hand Weapons
 E - a +2 dagger of pain
 F - a +4 short sword of freezing (weapon)
Armour
 c - a +1 helmet (worn)
 g - a +1 cloak (worn)
 C - a +0 pair of gloves (worn)
 D - a +1 pair of boots (worn)
 H - a +0 buckler
Jewellery
 a - an amulet of the gourmand (around neck)
 d - an uncursed amulet of rage
 q - a +3 ring of strength (left hand)
 y - an uncursed amulet of guardian spirit
Wands
 o - a wand of clouds (4)
 r - a wand of flame (81)
 u - a wand of iceblast (3)
 x - a wand of scattershot (6)
Scrolls
 j - 3 scrolls of fog
 m - 3 scrolls of teleportation
 n - 7 scrolls of immolation
 v - 2 scrolls of blinking
 w - 3 scrolls of remove curse
Potions
 f - 4 potions of flight
 h - 11 potions of might
 k - 15 potions of curing
 l - 4 potions of haste
 p - a potion of invisibility
 s - 3 potions of heal wounds
 z - a potion of resistance
 A - 2 potions of lignification
 B - 2 potions of magic
 G - a potion of mutation
 I - a potion of brilliance {unknown}
Comestibles
 e - 26 rations {!d}


   Skills:
 + Level 2.3 Fighting
 + Level 4.5 Short Blades
 + Level 1.1 Throwing
 + Level 8.3 Dodging
 + Level 3.0 Stealth
 + Level 2.2 Shields
 + Level 13.9 Spellcasting
 + Level 13.5 Conjurations
 * Level 5.9 Necromancy
 + Level 12.9 Fire Magic
 * Level 4.6 Ice Magic


You had 8 spell levels left.
You knew the following spells:

 Your Spells              Type           Power        Failure   Level  Hunger
a - Flame Tongue          Conj/Fire      #####        1%          1    None
b - Conjure Flame         Conj/Fire      ######..     1%          3    None
c - Sticky Flame          Conj/Fire      ######..     1%          4    None
d - Fireball              Conj/Fire      ######....   1%          5    None
e - Bolt of Draining      Conj/Necr      ######....   1%          5    None
f - Searing Ray           Conj           ######..     1%          2    None
g - Bolt of Cold          Conj/Ice       ######....   14%         6    None
h - Throw Icicle          Conj/Ice       ######..     1%          4    None

Your spell library contained the following spells:

 Spells                   Type           Power        Failure   Level  Hunger
 Flaming Arrows           Chrm/Fire      #####...     1%          2    None
 Dazzling Orbs            Conj/Hex       #####..      1%          3    None
 Inner Flame              Hex/Fire       N/A          1%          3    None
 Ensorcelled Hibernation  Hex/Ice        ####..       2%          2    None
 Fulminant Prism          Conj/Hex       #####.....   2%          4    None
 Bolt of Fire             Conj/Fire      ######....   2%          6    None
 Bolt of Magma            Conj/Fire/Erth ######....   3%          5    None
 Summon Butterflies       Summ           ###.....     4%          1    None
 Call Imp                 Summ           ###...       6%          2    None
 Song of Slaying          Chrm           ###.....     6%          2    None
 Confuse                  Hex            ###.....     12%         3    None
 False Image              Hex/Summ       ###.....     12%         3    None
 Spectral Weapon          Hex/Chrm       ###.....     12%         3    None
 Orb of Destruction       Conj           ######....   13%         7    None
 Summon Ice Beast         Ice/Summ       ####....     16%         4    None
 Conjure Ball Lightning   Conj/Air       #####.....   36%         6    None
 Iron Shot                Conj/Erth      #####.....   36%         6    None
 Poison Arrow             Conj/Pois      #####.....   36%         6    None
 Petrify                  Tmut/Erth      ###.......   38%         4    None
 Yara's Violent Unravell  Hex/Tmut       ###.......   38%         4    None
 Metabolic Englaciation   Hex/Ice        ####......   41%         5    None
 Steam Barrier            Chrm/Fire      #####.....   41%         6    None
 Icicle Burst             Conj/Ice       ######....   63%         7    None
 Summon Lightning Spire   Summ/Air       ###.....     75%         5    None
 Ignition                 Fire           ######....   80%         8    None
 Mana Rupture             Conj/Hex       #####.....   91%         7    None
 Spellforged Servitor     Conj/Summ      #####.....   91%         7    None
 Summon Hydra             Summ           ###.......   99%         6    None
 Monstrous Menagerie      Summ           ###.......   100%        7    None
 Chain Lightning          Conj/Air       #####.....   100%        8    None
 Glaciate                 Conj/Ice/Air   #####.....   100%        8    None
 Lehudib's Crystal Spear  Conj/Erth      #####.....   100%        8    None


Dungeon Overview and Level Annotations

Branches:
Dungeon (9/12)             Temple (1/1) D:7            Lair (4/6) D:8
  Swamp: Lair:2-4    Shoals: Lair:2-4     Snake: Lair:2-4    Spider: Lair:2-4
    Orc: D:8-11

Altars:
Ashenzari
Cheibriados
Dithmenos
Elyvilon
Fedhas
Gozag
Hepliaklqana
Kikubaaqudgha
Lugonu
Makhleb
Nemelex Xobeh
Okawaru
Qazlal
Ru
Sif Muna
Trog
Uskayaw
Vehumet
Wu Jian
Xom
Yredelemnul
Zin
The Shining One

Shops:
D:5 :   D:9 *[==


Innate Abilities, Weirdness & Mutations

Your spells do not cause hunger and MP costs are reduced by 1.
Your bright wings attract enemies. (Stealth-)
You cannot fit into any form of body armour.
Your shimmering scales are hard and can block incoming attacks. (AC +7, SH +7)
You are small and have problems with some larger weapons.
You can fly continuously.


Message History

The death yak burns!
The death yak closely misses you.
Unknown command.
You hit the death yak. You freeze the death yak.
The death yak is moderately wounded.
The death yak burns!
The death yak gores you!!
* * * LOW HITPOINT WARNING * * *
You hit the death yak but do no damage.
The death yak is moderately wounded.
You hit the death yak. You freeze the death yak.
The death yak is moderately wounded.
The death yak burns!
The death yak stops burning.
The death yak misses you.
Casting: Sticky Flame (safe; 1% risk of failure)
Confirm with . or Enter, or press ? or * to list all spells.
Aiming: Flame Tongue (safe; 1% risk of failure)
Press: ? - help, Shift-Dir - straight line, f/p - death yak
Aim: a death yak (moderately wounded)
The flame tongue hits the death yak.
The death yak is moderately wounded.
The death yak gores you!!
You die...

.#...##......#####.##..#
......................P#
......................##
......................##
.......................#
........<..............#
###.#........#..P.....##
.##...##.........###...#
.......#........@...>.##
......##......P..Y##..#
###...##.....PP.......##
.P#...##......#........#
#.#...........#...##...#
#.#...##..........#...##
#.#...##.......P...#...##
.P#.#..................P#
###.##................###


You could see a death yak.

Vanquished Creatures
  5 hydras
  Harold (Lair:2)
  A two-headed ogre (D:6)
  5 death yaks
  Nergalle (D:9)
  A deep elf mage (D:9)
  3 oklob plants
  A manticore (D:9)
  Joseph (D:8)
  4 black mambas
  An elephant (Lair:3)
  7 cane toads
  A torpor snail (Lair:2)
  A rime drake (Lair:3)
  3 komodo dragons
  2 trolls
  A tengu conjurer (D:9)
  A polar bear (Lair:3)
  2 hornets
  Grinder (D:6)
  Prince Ribbit (D:9)
  3 hippogriffs
  4 blink frogs
  Sigmund (D:5)
  39 yaks
  Eustachio (D:4)
  4 hogs (D:7)
  A basilisk (D:6)
  2 wyverns
  A human (D:7)
  A steam dragon (D:7)
  3 wargs (D:8)
  Edmund (D:6)
  4 crocodiles
  2 water moccasins
  4 porcupines
  Duvessa (D:5)
  An eye of draining (D:9)
  An ice beast (D:8)
  2 orc warriors (D:9)
  2 sky beasts
  3 phantoms
  4 ogres
  5 wolves (Lair:2)
  A centaur (D:7)
  10 bullfrogs
  2 big kobolds
  Dowan (D:5)
  2 scorpions (D:8)
  9 killer bees
  5 wights (D:7)
  A bullfrog zombie (D:5)
  4 crimson imps
  3 hounds
  5 orc priests
  3 jellies
  A bullfrog skeleton (D:6)
  A centaur skeleton (D:4)
  3 iguanas
  8 orc wizards
  8 worker ants
  A hound skeleton (D:5)
  A worker ant zombie (D:9)
  11 gnolls
  A howler monkey skeleton (D:5)
  10 adders
  4 shadow imps
  An ooze (D:2)
  An adder skeleton (D:4)
  4 worms
  6 dart slugs
  3 leopard geckos
  38 orcs
  4 giant cockroaches
  5 goblins
  7 hobgoblins
  4 jackals
  2 quokkas
  3 ball pythons
  18 bats
  4 frilled lizards
  13 kobolds
  3 rats
  3 bushes (Lair:2)
  A fungus (Lair:3)
  3 plants (D:8)
352 creatures vanquished.

Vanquished Creatures (others)
  A bush (D:7)
  3 fungi
  11 plants
15 creatures vanquished.

Grand Total: 367 creatures vanquished

Notes
Turn   | Place    | Note
-------+----------+-------------------------------------------
     0 | D:1      | funkygono the Fairy Fire Elementalist began the quest for
                  | the Orb.
     0 | D:1      | Reached XP level 1. HP: 11/11 MP: 6/6
    75 | D:1      | Reached XP level 2. HP: 15/17 MP: 7/7
   438 | D:1      | Reached XP level 3. HP: 21/21 MP: 9/9
   802 | D:1      | Learned a level 3 spell: Conjure Flame
   993 | D:2      | Reached skill level 5 in Fire Magic
   993 | D:2      | Reached XP level 4. HP: 19/27 MP: 7/11
  1425 | D:2      | Learned a level 4 spell: Sticky Flame
  1456 | D:2      | Reached XP level 5. HP: 31/31 MP: 13/13
  1694 | D:3      | Noticed a phantom
  1721 | D:3      | Killed a phantom
  1817 | D:3      | Found a basalt altar of Yredelemnul.
  1847 | D:3      | Found a shattered altar of Ashenzari.
  1863 | D:3      | Reached XP level 6. HP: 36/36 MP: 15/15
  2194 | D:3      | Found a faded altar of an unknown god.
  2357 | D:4      | Reached skill level 5 in Spellcasting
  2778 | D:4      | Noticed a phantom
  2800 | D:4      | Killed a phantom
  2801 | D:4      | Reached XP level 7. HP: 41/41 MP: 17/17
  2813 | D:4      | Learned a level 5 spell: Fireball
  2821 | D:4      | Noticed a troll
  2831 | D:4      | Killed a troll
  3023 | D:4      | Noticed Eustachio
  3053 | D:4      | Killed Eustachio
  3054 | D:4      | Reached skill level 5 in Conjurations
  3054 | D:4      | Reached XP level 8. HP: 24/47 MP: 15/20
  3301 | D:5      | Entered Level 5 of the Dungeon
  3301 | D:5      | Found a sacrificial altar of Ru.
  3326 | D:5      | Noticed Sigmund
  3334 | D:5      | Killed Sigmund
  3486 | D:5      | Noticed Duvessa
  3492 | D:5      | Noticed Dowan
  3495 | D:5      | Killed Duvessa
  3519 | D:5      | Killed Dowan
  3815 | D:5      | Reached XP level 9. HP: 52/52 MP: 19/23
  3833 | D:5      | Found Ticon's Book Boutique.
  3888 | D:5      | Reached skill level 1 in Short Blades
  3888 | D:5      | Reached skill level 5 in Dodging
  4237 | D:6      | Reached skill level 1 in Fighting
  4264 | D:6      | Noticed Edmund
  4272 | D:6      | Killed Edmund
  4526 | D:6      | Noticed a two-headed ogre
  4542 | D:6      | Killed a two-headed ogre
  4543 | D:6      | Reached skill level 1 in Throwing
  4627 | D:6      | Noticed Grinder
  4634 | D:6      | Killed Grinder
  4635 | D:6      | Reached XP level 10. HP: 59/59 MP: 16/25
  5277 | D:7      | Found a blossoming altar of Fedhas.
  5750 | D:7      | Identified the Almanac of Supportive Air
  5803 | D:7      | Found a staircase to the Ecumenical Temple.
  5881 | D:7      | Reached skill level 10 in Spellcasting
  5884 | D:7      | Reached skill level 10 in Fire Magic
  6095 | Temple   | Entered the Ecumenical Temple
  6143 | Temple   | Became a worshipper of Sif Muna the Loreminder
  6457 | D:8      | Found a shimmering altar of Xom.
  6572 | D:8      | Reached * piety under Sif Muna
  6776 | D:8      | Found a staircase to the Lair.
  7072 | D:8      | Reached XP level 11. HP: 64/64 MP: 27/27
  7144 | D:8      | Reached ** piety under Sif Muna
  7173 | D:8      | Noticed Joseph
  7194 | D:8      | Killed Joseph
  7195 | D:8      | Identified Sif Muna's Almanac of the Burning Escort (Sif
                  | Muna gifted it to you on level 8 of the Dungeon)
  7195 | D:8      | Received a gift from Sif Muna
  7195 | D:8      | Reached skill level 10 in Conjurations
  7568 | D:8      | Found a blossoming altar of Fedhas.
  7570 | D:8      | Noticed an oklob plant
  7729 | D:8      | Killed an oklob plant
  7730 | D:8      | Noticed an oklob plant
  7780 | D:8      | Killed an oklob plant
  8116 | D:9      | Found Mizo's Jewellery Shop.
  8255 | D:9      | Found Ycziyrot's Jewellery Shoppe.
  8577 | D:9      | Noticed Prince Ribbit
  8608 | D:9      | HP: 1/64 [hippogriff (6)]
  8608 | D:9      | Slain by a yak
  8609 | D:9      | Reached XP level 10. HP: -3/60 MP: 27/27
  8666 | D:9      | Killed Prince Ribbit
  8855 | D:9      | Noticed a manticore
  8861 | D:9      | Killed a manticore
  8976 | D:9      | Found Conuacull's Assorted Antiques.
  9006 | D:9      | Found Rifeunae's Armour Emporium.
  9130 | D:9      | Noticed Nergalle
  9135 | D:9      | Noticed a spectral orc warlord
  9146 | D:9      | Killed Nergalle
  9147 | D:9      | Reached XP level 11. HP: 64/64 MP: 8/29
  9307 | D:9      | Noticed a deep elf mage
  9318 | D:9      | Killed a deep elf mage
  9694 | D:9      | Learned a level 5 spell: Bolt of Draining
  9950 | Lair:1   | Entered Level 1 of the Lair of Beasts
  9983 | Lair:1   | Reached *** piety under Sif Muna
  9988 | Lair:1   | Noticed a four-headed hydra
 10000 | Lair:1   | Killed a four-headed hydra
 10000 | Lair:1   | Identified Gouxaz's Compendium of Destructive Boosts (Sif
                  | Muna gifted it to you on level 1 of the Lair of Beasts)
 10000 | Lair:1   | Received a gift from Sif Muna
 10001 | Lair:1   | Reached skill level 1 in Necromancy
 10372 | Lair:1   | Noticed a five-headed hydra
 10390 | Lair:1   | Killed a five-headed hydra
 11254 | Lair:2   | Noticed Harold
 11272 | Lair:2   | Killed Harold
 11366 | Lair:2   | Identified Sif Muna's Tome of the Harmful Glacier (Sif Muna
                  | gifted it to you on level 2 of the Lair of Beasts)
 11366 | Lair:2   | Received a gift from Sif Muna
 11367 | Lair:2   | Reached XP level 12. HP: 70/70 MP: 20/30
 12082 | Lair:2   | Reached skill level 1 in Shields
 12306 | Lair:2   | Learned a level 2 spell: Searing Ray
 12313 | Lair:2   | Learned a level 6 spell: Bolt of Cold
 12559 | Lair:3   | Reached **** piety under Sif Muna
 12559 | Lair:3   | Reached skill level 1 in Ice Magic
 12604 | Lair:3   | Noticed a six-headed hydra
 12656 | Lair:3   | Killed a six-headed hydra
 12790 | Lair:3   | Reached skill level 5 in Necromancy
 12875 | Lair:3   | Noticed a seven-headed hydra
 12881 | Lair:3   | Killed a seven-headed hydra
 13020 | Lair:3   | Identified Sif Muna's Guide on Arcane Weapons (Sif Muna
                  | gifted it to you on level 3 of the Lair of Beasts)
 13020 | Lair:3   | Received a gift from Sif Muna
 13028 | Lair:3   | Learned a level 4 spell: Throw Icicle
 13671 | Lair:3   | Noticed a five-headed hydra
 13683 | Lair:3   | Killed a five-headed hydra
 13684 | Lair:3   | Reached XP level 13. HP: 56/75 MP: 18/32
 13867 | Lair:3   | Slain by a death yak
 13868 | Lair:3   | Reached XP level 12. HP: -1/70 MP: 13/31
 13937 | Lair:3   | Killed a death yak
 13948 | Lair:3   | Killed a death yak
 14087 | Lair:4   | Noticed a death yak
 14148 | Lair:4   | Killed a death yak
 14153 | Lair:4   | Killed a death yak
 14186 | Lair:3   | Killed a death yak
 14202 | Lair:3   | HP: 3/71 [death yak (29)]
 14205 | Lair:3   | Demolished by a death yak

Skill      XL: |  1  2  3  4  5  6  7  8  9 10 11 12 13 |
---------------+----------------------------------------+-----
Fire Magic     | 4 5 6 7 8 9 10 12 | 12.9
Spellcasting   | 3 4 5 6 8 9 12 11 13 | 13.9
Conjurations   | 2 3 5 6 7 11 12 13 | 13.5
Dodging        | 3 4 6 7 8 |  8.3
Stealth        | 2 3 |  3.0
Short Blades   | 2 3 4 |  4.5
Fighting       | 1 2 |  2.3
Throwing       | 1 |  1.1
Necromancy     | 3 5 |  5.9
Shields        | 2 |  2.2
Ice Magic      | 3 4 |  4.6

Action                   |  1- 3 |  4- 6 |  7- 9 | 10-12 | 13-15 || total
-------------------------+-------+-------+-------+-------+-------++-------
Melee: Rapier            |       |       |    75 |     6 |       ||    81
       Short sword       |       |       |       |   275 |       ||   275
Throw: Stone             |       |       |     7 |       |       ||     7
 Cast: Flame Tongue      |    78 |   139 |   167 |   444 |       ||   828
       Conjure Flame     |     1 |       |     1 |     2 |       ||     4
       Sticky Flame      |       |     1 |    11 |    76 |       ||    88
       Fireball          |       |       |     3 |    80 |       ||    83
       Bolt of Draining  |       |       |       |    45 |     5 ||    50
       Throw Icicle      |       |       |       |    14 |     2 ||    16
       Searing Ray       |       |       |       |     1 |       ||     1
  Use: Scroll            |     1 |     7 |     1 |    11 |     4 ||    24
  Eat: Chunk             |       |     6 |     8 |    23 |       ||    37
       Ration            |       |       |       |     4 |     2 ||     6
Armor: Skin              |     4 |     5 |    35 |    66 |       ||   110
Dodge: Dodged            |    26 |    29 |   149 |   349 |     8 ||   561
Block: Other             |     2 |     9 |    44 |   151 |     3 ||   209
